AoeStats
← xiscosb

Black Forest

508699741Analyzed
2v2 RM · 9d ago on Sep 23, 2026· 46m 8s· 4 players
Game mode
Random Map
Map size
Medium (4 player)
Population
200
Speed
Normal
Resources
Standard
Victory
Conquest
Starting age
Dark Age
Ending age
Imperial Age
RankedLock teamsTeams togetherTeam positionsShared explorationLock speedFull tech treeHidden civsTurbo modeCheats
Victory
Defeat
🇪🇸 Slavs · Spain
829
+15
🇪🇸 Huns · Spain
806
+16
🇨🇱 Celts · Chile
841
-17
🇲🇹 Franks · Malta
760
-14
xiscosb
0:26 Loom
14:26 Feudal Age
15:45 Wheelbarrow
15:14 Town Watch
14:54 Man-at-Arms
15:20 Arson
24:47 Castle Age
23:10 Forging
22:50 Fletching
25:15 Double-Bit Axe
25:47 Hand Cart
25:26 Gold Mining
25:27 Stone Mining
25:57 Horse Collar
30:13 Town Patrol
30:55 Heavy Plow
33:09 Iron Casting
32:29 Bodkin Arrow
32:54 Caravan
38:51 Imperial Age
37:14 Marauders
37:24 Scale Barding Armor
38:44 Chain Barding Armor
40:19 Plate Barding Armor
39:13 Pikeman
39:54 Squires
41:10 Chemistry
40:22 Masonry
40:34 Ballistics
40:34 Bloodlines
40:24 Husbandry
40:16 Halberdier
42:01 Conscription
41:47 Elite Tarkan
46:15 Blast Furnace
45:10 Bodkin Arrow
l Exhiom l
1:14 Loom
12:02 Feudal Age
12:53 Fishing Lines
21:29 Castle Age
20:42 Gold Mining
20:44 Stone Mining
21:00 Horse Collar
21:09 Double-Bit Axe
24:06 Wheelbarrow
23:17 Town Watch
27:06 Forging
26:57 Scale Mail Armor
27:03 Scale Barding Armor
26:49 Fletching
26:59 Padded Archer Armor
28:52 Bow Saw
28:43 Heavy Plow
30:09 Iron Casting
30:04 Caravan
35:09 Imperial Age
33:18 Detinets
33:44 Chain Barding Armor
33:54 Fortified Wall
34:04 Ballistics
33:59 Murder Holes
34:15 Husbandry
34:25 Bloodlines
35:02 Bloodlines
34:50 Bodkin Arrow
35:38 Chain Mail Armor
36:19 Conscription
37:25 Druzhina
37:36 Pikeman
38:17 Squires
37:42 Elite Skirmisher
38:09 Crossbowman
39:53 Plate Mail Armor
40:24 Blast Furnace
41:39 Plate Barding Armor
41:19 Leather Archer Armor
42:28 Siege Engineers
42:36 Heavy Scorpion
45:40 Ring Archer Armor
44:32 Elite Boyar
45:58 Onager
xRorro96x
0:30 Loom
13:08 Feudal Age
15:16 Wheelbarrow
18:09 Castle Age
17:51 Horse Collar
19:20 Double-Bit Axe
21:47 Heavy Plow
23:27 Bow Saw
23:51 Stone Mining
25:19 Stone Shaft Mining
27:09 Hand Cart
31:00 Gold Mining
36:12 Imperial Age
34:59 Stronghold
35:35 Fortified Wall
35:35 Masonry
35:46 Ballistics
35:56 Forging
35:51 Scale Barding Armor
35:47 Scale Mail Armor
36:27 Husbandry
37:21 Conscription
36:48 Cavalier
39:59 Gold Shaft Mining
39:45 Furor Celtica
39:05 Paladin
40:43 Iron Casting
40:24 Chain Mail Armor
40:29 Chain Barding Armor
39:43 Pikeman
40:10 Gambesons
41:07 Halberdier
Dtox
0:39 Loom
14:31 Feudal Age
17:52 Double-Bit Axe
24:15 Castle Age
22:23 Scale Barding Armor
22:30 Forging
22:14 Fletching
24:22 Gold Mining
24:26 Stone Mining
25:25 Wheelbarrow
25:32 Bow Saw
25:27 Town Watch
26:32 Gold Shaft Mining
28:42 Chain Barding Armor
32:21 Husbandry
33:41 Iron Casting
35:14 Hand Cart
40:41 Imperial Age
38:40 Scale Mail Armor
40:47 Cavalier
42:14 Pikeman
44:28 Gold Shaft Mining
Connection lost

Rejoining the realm…

Still unreachable

The connection could not be restored.

Session expired

The server has moved on; the page needs a fresh start.